 Dungeon Crawl Stone Soup version 0.23.2-40-g277498a001 (webtiles) character file.

Game seed: 2729713036248055488

7 Baz the Insei (level 2, -1/23 HPs)
             Began as a Gnoll Transmuter on Aug 18, 2019.
             Slain by a jackal (3 damage)
             ... on level 1 of the Dungeon.
             The game lasted 00:01:00 (402 turns).

Baz the Insei (Gnoll Transmuter)                     Turns: 402, Time: 00:01:00

Health: -1/23      AC:  2    Str: 12    XL:     2   Next: 0%
Magic:  7/7        EV: 14    Int: 15    God:
Gold:   36         SH:  0    Dex: 15    Spells: 9/10 levels left

rFire    . . .     SeeInvis .   e - -1 hunting sling (curse)
rCold    . . .     Gourm    .   (no shield)
rNeg     . . .     Faith    .   b - +0 robe
rPois    .         Spirit   .   (no helmet)
rElec    .         Reflect  .   (no cloak)
rCorr    .         Harm     .   (no gloves)
MR       .....                  (no boots)
Stlth    +.........             (no amulet)
HPRegen  0.07/turn              (no ring)
MPRegen  0.10/turn              (no ring)

@: no status effects
A: distributed training, fangs 1, strong nose
a: no special abilities


You were on level 1 of the Dungeon.
You were not hungry.

You visited 1 branch of the dungeon, and saw 1 of its levels.

You collected 36 gold pieces.

Inventory:

Hand Weapons
 e - a cursed -1 hunting sling (weapon)
Missiles
 a - 12 arrows
 g - 10 stones (quivered)
Armour
 b - a +0 robe (worn)
Scrolls
 i - a scroll of amnesia
Potions
 c - a potion of haste {unknown}
 f - a potion of flight {unknown}
 h - a potion of invisibility {unknown}
Comestibles
 d - a ration


   Skills:
 + Level 2.4 Fighting
 + Level 0.2 Short Blades
 + Level 0.2 Long Blades
 + Level 0.2 Axes
 + Level 0.2 Maces & Flails
 + Level 0.2 Polearms
 + Level 0.2 Staves
 + Level 0.2 Slings
 + Level 0.2 Bows
 + Level 0.2 Crossbows
 + Level 0.2 Throwing
 + Level 0.2 Armour
 + Level 4.4 Dodging
 + Level 0.2 Stealth
 + Level 0.2 Shields
 + Level 6.4 Unarmed Combat
 + Level 4.9 Spellcasting
 + Level 0.1 Conjurations
 + Level 0.1 Hexes
 + Level 0.1 Charms
 + Level 0.1 Summonings
 + Level 0.1 Necromancy
 + Level 0.1 Translocations
 + Level 3.6 Transmutations
 + Level 0.1 Fire Magic
 + Level 0.1 Ice Magic
 + Level 0.1 Air Magic
 + Level 0.1 Earth Magic
 + Level 0.1 Poison Magic
 + Level 0.3 Invocations
 + Level 0.2 Evocations


You had 9 spell levels left.
You knew the following spells:

 Your Spells              Type           Power        Failure   Level  Hunger
a - Beastly Appendage     Tmut           ##....       3%          1    None

Your spell library contained the following spells:

 Spells                   Type           Power        Failure   Level  Hunger
 Sticks to Snakes         Tmut           ##......     5%          2    ##.....
 Spider Form              Tmut/Pois      #.........   22%         3    ###....
 Ice Form                 Ice/Tmut       #.......     58%         4    ####...
 Blade Hands              Tmut           ##........   71%         5    ######.


Dungeon Overview and Level Annotations

Branches:
Dungeon (1/15)

Altars:


Innate Abilities, Weirdness & Mutations

Your experience applies equally to all skills.
You have very sharp teeth.
Your uncanny sense of smell can sniff out nearby items.


Message History

The jackal barely misses you. The jackal bites you.
Things that are here:
6 stones; a jackal corpse
g - 12 stones (gained 6)
The jackal closely misses you.
Firing (i - inventory)
g - 12 stones (quivered)
Press: ? - help, Shift-Dir - straight line, f/p - jackal
Aim: a jackal (heavily wounded)
You shoot a stone. The stone barely misses the jackal.
The jackal bites you.
* * * LOW HITPOINT WARNING * * *
The jackal bites you.
* * * LOW HITPOINT WARNING * * *
Firing (i - inventory)
g - 11 stones (quivered)
Press: ? - help, Shift-Dir - straight line, f/p - jackal
Aim: a jackal (heavily wounded)
You shoot a stone.
The stone hits the jackal but does no damage.
The jackal is heavily wounded.
The jackal bites you.
You die...

####### ###.....# ........###
.#..#.....#
#........##############
##.#..........h@......#
#...#...#.###########.#
#.......#.# #.# .....#.....#
#.# ...#####...#####
###.#######
#....#.........#####.........##
#. ......#....................#
#.
..#...........##.##.#####..###
...#.###.#....................


You could see a jackal.

Vanquished Creatures
  2 giant cockroaches (D:1)
  A jackal (D:1)
  A ball python (D:1)
  A kobold (D:1)
  2 rats (D:1)
7 creatures vanquished.

Notes
Turn   | Place    | Note
-------+----------+-------------------------------------------
     0 | D:1      | Baz the Gnoll Transmuter began the quest for the Orb.
     0 | D:1      | Reached XP level 1. HP: 17/17 MP: 6/6
   361 | D:1      | Reached XP level 2. HP: 13/23 MP: 7/7
   402 | D:1      | Slain by a jackal

Action                   || total
-------------------------++-------
Melee: Unarmed           ||     8
       Headbutt          ||     3
 Fire: Hunting sling     ||    18
 Cast: Beastly Appendage ||     2
  Use: Scroll            ||     1
 Stab: Sleeping          ||     1
Armor: Robe              ||    11
Dodge: Dodged            ||    30
